 Dungeon Crawl Stone Soup version 0.28.0-55-gcd9437bce4 (webtiles) character file.

Game seed: 4162973284099576761

28 hikkokomori the Digger (level 3, -6/21 HPs)
             Began as a Gargoyle Earth Elementalist on Dec 19, 2022.
             Killed from afar by Ijyb (11 damage)
             ... with a puff of flame
             ... on level 3 of the Dungeon.
             The game lasted 00:01:56 (1265 turns).

hikkokomori the Digger (GrEE)                       Turns: 1265, Time: 00:01:57

Health: -6/21      AC:  5    Str: 10 (11) XL:     3   Next: 12%
Magic:  0/6        EV: 11    Int: 15 (17) God:
Gold:   87         SH:  0    Dex:  8 (10) Spells: 5/6 levels left

rFire   . . .      SeeInvis .   (no weapon)
rCold   . . .      Faith    .   (no shield)
rNeg    + . .      Spirit   .   b - +0 robe
rPois   ∞          Reflect  .   (no helmet)
rElec   +          Harm     .   (no cloak)
rCorr   .          Rampage  .   (no gloves)
Will    .....                   (no boots)
Stlth   ++........              (no amulet)
HPRegen 0.07/turn               (no ring)
MPRegen 0.10/turn               (no ring)

@: no status effects
A: sickness immunity, AC +3, negative energy resistance 1, electricity
resistance, torment resistance 1, petrification resistance
a: no special abilities


You were on level 3 of the Dungeon.
You visited 1 branch of the dungeon, and saw 3 of its levels.

You collected 87 gold pieces.

Inventory:

Missiles
 c - 60 stones
Armour
 a - a +0 scale mail
 b - a +0 robe (worn)
Scrolls
 d - a scroll of enchant armour {unknown}
 e - a scroll of blinking {unknown}
 i - a scroll of identify {unknown}
 j - a scroll of brand weapon {unknown}
 l - a scroll of noise {unknown}
Potions
 f - a potion of heal wounds {unknown}
 g - a potion of flight {unknown}
 h - 2 potions of degeneration
 k - a potion of curing {unknown}
 m - a potion of berserk rage {unknown}
 n - a potion of brilliance {unknown}


   Skills:
 + Level 1.8 Fighting
 - Level 1.5 Dodging
 - Level 2.2 Stealth
 - Level 2.0 Spellcasting
 - Level 0.7 Transmutations
 + Level 4.3 Earth Magic


You had 5 spell levels left.
You knew the following spells:

 Your Spells              Type           Power      Damage    Failure   Level
a - Sandblast             Erth           28%        2d8       3%          1

Your spell library contained the following spells:

 Spells                   Type           Power      Damage    Failure   Level
 Passwall                 Tmut/Erth      7%         N/A       12%         2
 Wereblood                Tmut           3%         N/A       24%         2
 Stone Arrow              Conj/Erth      16%        3d8       26%         3
 Petrify                  Tmut/Erth      9%         N/A       58%         4
 Summon Hydra             Summ           0%         N/A       100%        7
 Sublimation of Blood     Necr           Unusable   N/A       N/A         2

Dungeon Overview and Level Annotations

Branches:
Dungeon (3/15)

Altars:

Shops:
D:2 (

Annotations:
D:3 Ijyb


Innate Abilities, Weirdness & Mutations

You are immune to sickness and miasma.
Your stone body is resilient. (AC +3)
You are immune to poison.
You resist negative energy. (rN+)
You are resistant to electric shocks. (rElec)
You are resistant to unholy torment.
You are immune to petrification.


Message History

Ijyb shouts!
You can't see any susceptible monsters within range! (Use Z to cast anyway.)
The blast of sand hits Ijyb but does no damage.
The blast of sand hits Ijyb but does no damage.
The blast of sand hits Ijyb but does no damage.
Ijyb hits you but does no damage.
The blast of sand hits Ijyb!
Ijyb is moderately wounded.
Ijyb zaps a wand.
The puff of flame hits you!
The blast of sand hits Ijyb.
Ijyb is heavily wounded.
Ijyb hits you but does no damage.
You are too depleted to draw on your mana recklessly!
You barely miss Ijyb.
Ijyb is heavily wounded.
Ijyb zaps a wand.
The puff of flame misses you.
You hit Ijyb but do no damage.
Ijyb is heavily wounded.
Ijyb hits you with a +0 club.
It was a potion of degeneration.
There was something very wrong with that liquid.
You feel weakened.
You feel dopey.
You feel clumsy.
Ijyb screams, "You nasty!
Big nasty!"
Ijyb zaps a wand.
The puff of flame misses you.
You closely miss Ijyb.
Ijyb is heavily wounded.
Ijyb barely misses you.
You closely miss Ijyb.
Ijyb is heavily wounded.
Ijyb screams, "It's all mine!"
Ijyb zaps a wand.
The puff of flame hits you!
* * * LOW HITPOINT WARNING * * *
Throw: 61 stones
Press: ? - help, Shift-Dir - straight line, f/p - Ijyb
Aim: Ijyb, wielding a +0 club, wearing a +1 leather armour of poison resistance and carrying a wand of flame (9) (heavily wounded, 43% to hit)
You throw a stone. The stone hits Ijyb but does no damage.
Ijyb is heavily wounded.
Ijyb zaps a wand.
The puff of flame hits you!
Ouch! That really hurt!
You die...

... ... ..
#.# . ##.## .
#...# .# #
#<# #.#.# #.#
#...)#
#.####†....##
#....@g.....#
#.####.....##
#†# #...##
#.# #.....
..# ##### ###


You could see Ijyb.

Vanquished Creatures
  3 bats
  2 endoplasms
  4 giant cockroaches
  3 hobgoblins
  A ball python (D:2)
  4 frilled lizards
  3 goblins
  3 kobolds
  3 rats
26 creatures vanquished.

Notes
Turn   | Place    | Note
-------+----------+-------------------------------------------
     0 | D:1      | hikkokomori the Gargoyle Earth Elementalist began the quest
                  | for the Orb.
     0 | D:1      | Reached XP level 1. HP: 10/10 MP: 3/3
   193 | D:1      | Reached XP level 2. HP: 16/16 MP: 0/5
   307 | D:1      | Reached skill level 1 in Fighting
   307 | D:1      | Reached skill level 4 in Earth Magic
   511 | D:1      | Found a faded altar of an unknown god.
   985 | D:2      | Reached XP level 3. HP: 21/21 MP: 4/6
  1099 | D:2      | Found Posuxzuk's Weapon Boutique.
  1250 | D:3      | Noticed Ijyb
  1265 | D:3      | Killed from afar by Ijyb

Illustrated notes

Levels and vault maps discovered:
D:1:      minmay_arrival_open_corners, layout_basic,
          chequers_ecumenical_altar_lobes, chequers_jeans, minmay_hedge_maze
D:2:      layout_basic, serial_shops, shop_fountains
D:3:      layout_loops_ring, uniq_robin, uniq_ijyb, uniq_grinder, uniq_jessica

Skill      XL: |  1  2 |
---------------+-------+-----
Fighting       | 1 |  1.8
Earth Magic    | 4 |  4.3
Dodging        | |  1.5
Stealth        | |  2.2
Spellcasting   | |  2.0
Transmutations | |  0.7

Action                   || total
-------------------------++-------
Melee: Unarmed           ||     7
Throw: Stone             ||     1
 Cast: Sandblast         ||    39
  Use: Potion            ||     1
Armor: Robe              ||     8
Dodge: Dodged            ||     9
